 Dungeon Crawl Stone Soup version 0.21.1-1-g345015f (webtiles) character file.

5119 Monsterracer the Quickloader (level 10, -5/86 HPs)
             Began as a Demigod Arcane Marksman on Feb 13, 2018.
             Slain by a two-headed ogre
             ... wielding a +0 giant spiked club
              (27 damage)
             ... on level 8 of the Dungeon.
             The game lasted 00:17:27 (11601 turns).

Monsterracer the Quickloader (DgAM)                Turns: 11601, Time: 00:17:27

Health: -5/86      AC:  7    Str: 17    XL:     10   Next: 11%
Magic:  17/17      EV: 17    Int: 23    God:
Gold:   272        SH:  0    Dex: 16    Spells: 3/14 levels left

rFire    . . .     SeeInvis +   b - +4 dagger (venom)
rCold    . . .     Gourm    .   (no shield)
rNeg     . . .     Faith    .   q - +4 robe of Xoiprexu {*Drain Regen+ rCorr Int+4 SInv}
rPois    .         Spirit   .   (no helmet)
rElec    .         Reflect  .   (no cloak)
rCorr    +         Harm     .   p - +0 pair of gloves
MR       +....                  (no boots)
Stlth    +.........             (no amulet)
HPRegen  0.64/turn              n - ring of resist corrosion {!d}
MPRegen  0.15/turn              B - ring of wizardry

@: no status effects
A: high mp 1
a: no special abilities


You were on level 8 of the Dungeon.
You were hungry.

You visited 1 branch of the dungeon, and saw 9 of its levels.

You collected 382 gold pieces.
You spent 110 gold pieces at shops.

Inventory:

Hand Weapons
 a - a +0 hand crossbow
 b - a +4 dagger of venom (weapon)
Missiles
 d - 108 bolts
Armour
 p - a +0 pair of gloves (worn)
 q - the +4 robe of Xoiprexu (worn) {*Drain Regen+ rCorr Int+4 SInv}
   (You found it on level 4 of the Dungeon)

   It affects your intelligence (+4).
   It lets you see invisible.
   It increases your rate of regeneration.
   It protects you from acid and corrosion.
   It causes draining when unequipped.
Jewellery
 n - a ring of resist corrosion (left hand) {!d}
 B - a ring of wizardry (right hand)
Wands
 y - a wand of flame (67)
Scrolls
 i - 2 scrolls of remove curse
 u - 2 scrolls of teleportation
 x - a scroll of amnesia
Potions
 e - 2 potions of agility
 f - 3 potions of brilliance
 h - a potion of invisibility {unknown}
 j - a potion of lignification {unknown}
 k - 3 potions of curing
 l - a potion of flight {unknown}
 m - 2 potions of cancellation
 o - a potion of berserk rage {!q}
 r - 2 potions of might {unknown}
 s - 4 potions of heal wounds
 t - a potion of mutation {unknown}
 v - 2 potions of haste {unknown}
 A - 2 potions of resistance {unknown}
Books
 z - a book of Burglary

   Spells                             Type                      Level
   a - Swiftness                      Charms/Air                   2
   b - Passwall                       Transmutation/Earth          2
   c - Passage of Golubria            Translocation                4
   d - Lee's Rapid Deconstruction     Earth                        5
   e - Darkness                       Hexes                        6
   f - Invisibility                   Hexes                        6
Comestibles
 c - 16 rations


   Skills:
 * Level 7.1 Fighting
   Level 2.0 Maces & Flails
 - Level 10.0 Crossbows
 - Level 5.0 Armour
 + Level 6.8 Dodging
 + Level 2.7 Spellcasting
 - Level 2.8 Hexes
 + Level 2.4 Translocations


You had 3 spell levels left.
You knew the following spells:

 Your Spells              Type           Power        Failure   Level  Hunger
a - Swiftness             Chrm/Air       #.......     8%          2    ##.....
b - Passage of Golubria   Tloc           N/A          16%         4    ####...
c - Portal Projectile     Hex/Tloc       ###...       4%          3    ###....
x - Passwall              Tmut/Erth      #.........   8%          2    ##.....


Dungeon Overview and Level Annotations

Branches:
Dungeon (9/15)             Temple (0/1) D:4
   Lair: D:8-11         Orc: D:9-12

Shops:
D:4 *   D:8 }

Annotations:
D:7 Serooblart's ghost, novice MiBe


Innate Abilities, Weirdness & Mutations

You have an increased reservoir of magic. (+10% MP)


Message History

You hear a shout! x2
The orc wizard barely misses you.
The hobgoblin skeleton closely misses you.
An orc zombie comes into view.
You hit the orc wizard.
The orc wizard looks as sick as possible!
The orc wizard is severely wounded.
The orc wizard completely misses you.
The hobgoblin skeleton completely misses you.
The orc wizard shouts!
You hit the orc wizard.
You kill the orc wizard!
You hear a shout!
You hear two shouts!
You hear a shout!
The hobgoblin skeleton completely misses you.
The two-headed ogre shouts in stereo!
You hit the hobgoblin skeleton but do no damage.
You hit the hobgoblin skeleton.
The hobgoblin skeleton is severely damaged.
The hobgoblin skeleton hits you.
A two-headed ogre comes into view. It is wielding two giant spiked clubs.
You take 3 damage, and have 83/86 hp.
The two-headed ogre shouts in stereo!
You hit the hobgoblin skeleton.
The hobgoblin skeleton is almost destroyed.
The orc barely misses you.
The hobgoblin skeleton completely misses you.
You hit the hobgoblin skeleton.
You destroy the hobgoblin skeleton!
The orc closely misses you.
An ogre zombie comes into view.
You hit the orc but do no damage.
The orc is poisoned.
The orc zombie hits you but does no damage.
The orc misses you.
An orc zombie comes into view.
You hit the orc but do no damage. The orc zombie misses you.
The orc barely misses you.
The orc zombie moves out of view.
An orc comes into view.
The orc shouts!
You hit the orc.
The orc looks as sick as possible!
The orc is severely wounded.
You hear a shout!
The orc zombie misses you.
Health restored: 86 You hit the orc wizard.
The orc wizard is poisoned.
The orc wizard is moderately wounded.
You kill the orc!
The orc zombie misses you.
An orc comes into view. It is wielding a trident.
You hit the orc wizard.
The orc wizard is heavily wounded.
The orc wizard closely misses you.
The orc moves out of view.
An orc priest comes into view. It is wielding a falchion.
You hit the orc wizard.
You kill the orc wizard!
The orc zombie misses you.
You hit the orc.
The orc is poisoned.
The orc is lightly wounded.
The orc hits you but does no damage.
The orc zombie hits you but does no damage.
You hit the orc.
You kill the orc!
The kobold completely misses you. The orc zombie completely misses you.
There is an escape hatch in the ceiling, spattered with blood here.
Things that are here:
a dagger; a kobold corpse Really go through this one-way escape hatch?
The two-headed ogre hits you with a giant spiked club!
The two-headed ogre barely misses you. The orc zombie misses you.
A mysterious force pulls you upwards. The hatch slams shut behind you.
You take 16 damage, and have 70/86 hp.
You barely miss the two-headed ogre.
The two-headed ogre closely misses you. x2
You hit the two-headed ogre.
The two-headed ogre is poisoned.
The two-headed ogre is lightly wounded.
The two-headed ogre barely misses you. The two-headed ogre closely misses you.
You closely miss the two-headed ogre.
The two-headed ogre is lightly wounded.
You hit the two-headed ogre.
The two-headed ogre is lightly wounded.
The two-headed ogre hits you with a giant spiked club!
The two-headed ogre hits you with a giant club.
You take 22 damage, and have 50/86 hp.
MASSIVE DAMAGE!!
You see here an arrow.
You see here 18 stones.
The two-headed ogre looks more healthy.
You barely miss the two-headed ogre.
The two-headed ogre is moderately wounded.
The two-headed ogre hits you with a giant spiked club!!
* * * LOW HITPOINT WARNING * * *
The two-headed ogre closely misses you.
You take 29 damage, and have 27/86 hp.
MASSIVE DAMAGE!!
You hit the two-headed ogre.
The two-headed ogre is poisoned.
The two-headed ogre is moderately wounded.
The two-headed ogre closely misses you.
The two-headed ogre hits you with a giant club.
* * * LOW HITPOINT WARNING * * *
You take 5 damage, and have 22/86 hp.
The two-headed ogre hits you with a giant spiked club!
* * * LOW HITPOINT WARNING * * *
The two-headed ogre hits you with a giant club!!
You die...

#...............####...#..##.#
#....).(........# #...##..#..
#...............# #..........
#...∩.(.........# ####.......
#....(..........#######.[.....
##.....................<....).
#####.[..(#...O.#####.........).
##......##.##..####..............
#........#.##.#O@...##.....######
................######.....######
.................................
.[..........##########......#####
..........### #....#...###
..........# ########....
#........## ##### ..........# #
..........#


You could see a two-headed ogre.

Vanquished Creatures
  Erolcha (D:9)
  The ghost of letownia2 the Magician, a novice GrWz (D:6)
  Sigmund (D:5)
  Grum (D:8)
  A hungry ghost (D:9)
  2 sky beasts
  An orc warrior (D:7)
  4 ogres
  4 phantoms
  2 wolves (D:7)
  3 centaurs
  A big kobold (D:9)
  3 bullfrogs
  A wyvern zombie (D:7)
  A water moccasin zombie (D:5)
  2 water moccasin skeletons (D:9)
  2 scorpions
  A troll zombie (D:9)
  2 howler monkeys (D:6)
  A crimson imp (D:7)
  6 hounds
  A bullfrog skeleton (D:8)
  3 orc priests
  2 jellies
  9 orc wizards
  A gnoll shaman (D:9)
  3 iguanas
  Jessica (D:3)
  5 worker ants
  An ogre zombie (D:9)
  A hound zombie (D:8)
  2 hound skeletons
  13 gnolls
  A howler monkey skeleton (D:4)
  6 adders
  A shadow imp (D:7)
  3 oozes
  An adder skeleton (D:6)
  2 worms
  9 dart slugs
  7 leopard geckos
  40 orcs
  10 giant cockroaches
  10 goblins
  7 hobgoblins
  8 jackals
  12 kobolds
  A quokka (D:7)
  2 ball pythons
  8 bats
  7 frilled lizards
  A goblin skeleton (D:9)
  2 goblin zombies (D:9)
  A hobgoblin skeleton (D:9)
  2 hobgoblin zombies (D:9)
  A jackal skeleton (D:9)
  3 orc skeletons (D:9)
  6 orc zombies (D:9)
  A quokka zombie (D:8)
  4 rats
239 creatures vanquished.

Vanquished Creatures (others)
  6 fungi (D:9)
  13 plants (D:9)
19 creatures vanquished.

Grand Total: 258 creatures vanquished

Notes
Turn   | Place    | Note
-------+----------+-------------------------------------------
     0 | D:1      | Monsterracer the Demigod Arcane Marksman began the quest for the Orb.
     0 | D:1      | Reached XP level 1. HP: 15/15 MP: 4/4
   276 | D:1      | Reached skill level 1 in Fighting
   276 | D:1      | HP: 7/16 [jackal (2)]
   301 | D:1      | HP: 7/16 [bat (1)]
   602 | D:1      | Reached skill level 2 in Crossbows
   602 | D:1      | Reached XP level 2. HP: 23/23 MP: 6/6
   638 | D:1      | HP: 11/23 [hobgoblin/club (4)]
   647 | D:1      | HP: 9/23 [goblin/dagger (3)]
   924 | D:1      | HP: 8/23 [hobgoblin/club (4)]
  1477 | D:1      | Reached XP level 3. HP: 22/28 MP: 7/7
  2867 | D:2      | Learned a level 3 spell: Portal Projectile
  3063 | D:2      | Reached XP level 4. HP: 36/36 MP: 8/8
  3090 | D:2      | Reached skill level 3 in Crossbows
  3129 | D:2      | Found a sacrificial altar of Ru.
  4331 | D:3      | Found a faded altar of an unknown god.
  4482 | D:3      | Reached XP level 5. HP: 25/42 MP: 9/9
  4484 | D:3      | HP: 21/42 [orc priest/short sword (2)]
  4492 | D:3      | HP: 14/42 [orc priest/nerve-wracking pain (5)]
  4526 | D:3      | HP: 12/42 [orc (3)]
  4756 | D:3      | Found an opulent altar of Gozag.
  4850 | D:3      | Noticed Jessica
  4879 | D:3      | Killed Jessica
  4879 | D:3      | Reached skill level 4 in Crossbows
  4919 | D:3      | Found a deep blue altar of Sif Muna.
  4974 | D:3      | Reached skill level 5 in Fighting
  4974 | D:3      | Reached skill level 8 in Crossbows
  4974 | D:3      | Reached skill level 5 in Dodging
  4974 | D:3      | Reached XP level 6. HP: 56/56 MP: 10/10
  5181 | D:4      | Reached XP level 7. HP: 52/61 MP: 11/11
  5330 | D:4      | HP: 10/61 [ogre/giant spiked club (22)]
  5736 | D:4      | Found a stormy altar of Qazlal.
  5737 | D:4      | Noticed a fire elemental
  5737 | D:4      | Noticed a water elemental
  5756 | D:4      | Noticed an air elemental
  5988 | D:4      | Found Zoath's General Store.
  6005 | D:4      | Reached skill level 5 in Armour
  6028 | D:4      | Bought 2 potions of berserk rage for 110 gold pieces
  6133 | D:4      | Found a staircase to the Ecumenical Temple.
  6210 | D:4      | Got an ominously black robe
  6228 | D:4      | Identified the +4 robe of Xoiprexu {*Drain Regen+ rCorr Int+4 SInv} (You found it on level 4 of the Dungeon)
  6244 | D:4      | HP: 27/62 [iguana (9)]
  6245 | D:4      | Reached skill level 1 in Maces & Flails
  6373 | D:4      | Found an iron altar of Okawaru.
  6449 | D:5      | Entered Level 5 of the Dungeon
  6543 | D:5      | Found a glowing silver altar of Zin.
  6746 | D:5      | Noticed Sigmund
  6753 | D:5      | Killed Sigmund
  6753 | D:5      | Reached XP level 8. HP: 46/70 MP: 12/12
  6992 | D:5      | Found a shattered altar of Ashenzari.
  6992 | D:5      | Found an ancient bone altar of Kikubaaqudgha.
  6997 | D:5      | Found a faded altar of an unknown god.
  6999 | D:5      | Found a faded altar of an unknown god.
  7000 | D:5      | Found a hide-covered altar of Uskayaw.
  7050 | D:5      | Found a basalt altar of Yredelemnul.
  7739 | D:6      | HP: 31/70 [iguana (11)]
  7744 | D:6      | HP: 9/70 [iguana (11)]
  7752 | D:6      | HP: 10/105 [howler monkey (4)]
  7764 | D:6      | Noticed letownia2's ghost (novice GrWz)
  7911 | D:6      | Killed letownia2's ghost
  7996 | D:6      | Learned a level 2 spell: Passwall
  7999 | D:6      | Learned a level 2 spell: Swiftness
  8182 | D:6      | Got a scorched short sword
  8208 | D:6      | Reached skill level 9 in Crossbows
  8209 | D:6      | Identified the +6 short sword of Youthful Indiscretion {distort, rElec rC+ MP-9 Dex+4} (You found it on level 6 of the Dungeon)
  8589 | D:7      | HP: 20/70 [ogre/giant spiked club (31)]
  8753 | D:7      | HP: 30/71 [ogre/giant club (17)]
  8759 | D:7      | Reached XP level 9. HP: 37/77 MP: 13/13
  9241 | D:7      | Found a glowing golden altar of the Shining One.
  9242 | D:7      | Noticed Serooblart's ghost (novice MiBe)
  9254 | D:7      | HP: 33/78 [Serooblart's ghost (10)]
  9257 | D:7      | HP: 8/78 [Serooblart's ghost (14)]
  9289 | D:7      | HP: 22/78 [Serooblart's ghost (6)]
  9389 | D:7      | HP: 34/78 [Serooblart's ghost (9)]
  9627 | D:8      | Noticed Grum
  9686 | D:7      | HP: 39/78 [wyvern zombie (6)]
  9693 | D:7      | HP: 29/78 [wyvern zombie (5)]
  9700 | D:7      | HP: 19/78 [Serooblart's ghost (9)]
  9720 | D:7      | HP: 19/78 [Serooblart's ghost (13)]
  9724 | D:7      | HP: 2/78 [Serooblart's ghost (10)]
  9860 | D:8      | Found a blossoming altar of Fedhas.
  9941 | D:7      | HP: 35/78 [wolf[Grum] (8)]
  9946 | D:7      | HP: 25/78 [wolf[Grum] (1)]
  9948 | D:7      | HP: 7/78 [wolf[Grum] (7)]
 10095 | D:8      | Killed Grum
 10270 | D:8      | Reached skill level 1 in Translocations
 10350 | D:8      | Found Ydwiyri's Gadget Boutique.
 10359 | D:8      | Learned a level 4 spell: Passage of Golubria
 10699 | D:9      | Noticed Erolcha
 10709 | D:9      | HP: 29/78 [Erolcha/orb of energy (27)]
 10710 | D:9      | Paralysed by Erolcha for 4 turns
 10716 | D:9      | Killed Erolcha
 11064 | D:9      | Noticed a two-headed ogre
 11065 | D:9      | HP: 36/79 [two-headed ogre/giant spiked club (26)]
 11068 | D:9      | HP: 7/79 [two-headed ogre/giant spiked club (31)]
 11268 | D:9      | Reached skill level 10 in Crossbows
 11268 | D:9      | Reached XP level 10. HP: 63/86 MP: 17/17
 11546 | D:9      | Noticed a two-headed ogre
 11579 | D:8      | HP: 27/86 [two-headed ogre/giant spiked club (30)]
 11601 | D:8      | HP: 22/86 [two-headed ogre/giant spiked club (14)]
 11601 | D:8      | Slain by a two-headed ogre

Skill      XL: |  1  2  3  4  5  6  7  8  9 |
---------------+----------------------------+-----
Fighting       | 1 2 5 6 7 |  7.1
Crossbows      | 2 3 8 9 10 | 10.0
Dodging        | 2 5 6 |  6.8
Armour         | 4 5 |  5.0
Maces & Flails | 1 2 |  2.0
Translocations | 2 |  2.4
Spellcasting   | 2 |  2.7
Hexes          | |  2.8

Action                   |  1- 3 |  4- 6 |  7- 9 | 10-12 || total
-------------------------+-------+-------+-------+-------++-------
Melee: Unarmed           |    53 |       |       |       ||    53
       Dagger            |   198 |   136 |   549 |    63 ||   946
       Short sword       |       |    46 |    12 |       ||    58
 Fire: Hand crossbow     |    24 |    27 |   116 |    19 ||   186
  Use: Scroll            |       |     8 |     6 |       ||    14
       Potion            |       |     1 |     1 |       ||     2
 Stab: Sleeping          |     1 |       |     3 |       ||     4
       Distracted        |       |       |       |     1 ||     1
  Eat: Chunk             |     7 |     7 |    16 |       ||    30
       Ration            |       |       |     1 |     1 ||     2
Armor: Robe              |    28 |       |   114 |    33 ||   175
       Ring mail         |    66 |    49 |       |       ||   115
       Plate armour      |       |    43 |    51 |       ||    94
Dodge: Dodged            |   184 |   115 |   463 |   101 ||   863

Vault maps used:
D:1:      sevenhm_arrival_forest_fort_small_4, serial_co_window_serial,
          co_window_corner_a, co_window_corner_a, co_window_corner_a,
          co_window_paths_b, co_window_cross_1, co_window_of_opportunity_c,
          co_window_paths_c, co_window_cross_2, co_window_corner_b,
          co_window_corner_b, co_window_corner_cb, co_window_4corner_b,
          glass_columns_c, glass_columns_b, glass_columns_a, minmay_tripent
D:2:      marbit_many_paths
D:3:      tgw_sif, lemuel_coloured_pillars_altar,
          chequers_ecumenical_altar_island, hex_large
D:4:      okawaru_altar_gauntlet_db, nicolae_qazlal_style_of_elements,
          minmay_temple_entry_purple_smoke, kennysheep_small_square
D:5:      zin_academy, yredelemnul_altar_generic,
          chequers_temple_overflow_minitemple, first_ration, uniq_sigmund
D:6:      minivault_1
D:7:      lemuel_doored_altar, feat_on_display
D:8:      overflow_temple_1_default, serial_shops, shop, uniq_grum
D:9:      kennysheep_seaside_town, zombieorc2_lemuel, serial_shops, shop,
          uniq_erolcha, uniq_joseph
